 Dungeon Crawl Stone Soup version 0.31.0-12-g77e489cdc1 (webtiles) character file.

Game seed: 2222497929344789182

13241 Gadfly the Covert (level 11, -7/56 HPs)
             Began as a Spriggan Enchanter on Feb 19, 2024.
             Was an Initiate of Gozag.
             Mangled by a catoblepas (13 damage)
             ... while petrified by a catoblepas
             ... on level 1 of the Lair of Beasts.
             The game lasted 00:26:09 (13944 turns).

Gadfly the Covert (Spriggan Enchanter)             Turns: 13944, Time: 00:26:09

Health: -7/56      AC:  5    Str:  4    XL:     11   Next: 73%
Magic:  10/25      EV:  4    Int: 18    God:    Gozag
Gold:   3752       SH:  0    Dex: 31    Spells: 13/28 levels left

rFire   . . .        a - +2 dagger (protect)
rCold   + . .        (no shield)
rNeg    + + +        x - +1 robe {rC+}
rPois   ∞            (helmet restricted)
rElec   .            z - +1 cloak
rCorr   .            (gloves unavailable)
SInv    +            (boots unavailable)
Will    +....        (no amulet)
Stlth   ++++++       s - +6 ring of dexterity
HPRegen 0.29/turn    f - +6 ring of dexterity
MPRegen 0.19/turn

%: no passive effects
@: confusing by touch, petrified, very quick
A: very small, no large weapons, unfitting armour, see invisible, speed 3,
mutation resistance 1
a: Renounce Religion, Potion Petition, Call Merchant, Bribe Branch


You were on level 1 of the Lair of Beasts.
You worshipped Gozag.
Gozag was most pleased with you.
You visited 3 branches of the dungeon, and saw 13 of its levels.
You also visited: Bailey.

You collected 4133 gold pieces.
You spent 363 gold pieces at shops.
You paid 18 gold pieces to Gozag.

Inventory:

Hand Weapons
 a - a +2 dagger of protection (weapon)
 b - a +0 dagger of venom
 B - a +3 dagger
 D - a +1 dagger of chaos
Armour
 x - a +1 robe of cold resistance (worn)
 z - a +1 cloak (worn)
Jewellery
 e - a ring of positive energy
 f - a +6 ring of dexterity (right hand)
 s - a +6 ring of dexterity (left hand)
 y - a ring of flight
 C - a ring of fire
 F - a ring of poison resistance
Wands
 m - a wand of flame (52)
 o - a wand of paralysis (7)
 u - a wand of light (23)
 v - a wand of digging (4)
 w - a wand of iceblast (8)
Scrolls
 g - 3 scrolls of fear
 p - 2 scrolls of enchant armour
 q - 2 scrolls of identify
 r - 4 scrolls of torment
 A - 2 scrolls of amnesia
 E - a scroll of silence {unknown}
 G - a scroll of teleportation
 H - a scroll of poison {unknown}
Potions
 c - 2 potions of invisibility
 d - 7 potions of mutation
 h - 3 potions of curing
 i - 2 potions of lignification
 j - 4 potions of haste
 k - a potion of brilliance
 l - 3 potions of enlightenment
 n - a potion of heal wounds
 t - a potion of ambrosia


   Skills:
 + Level 6.1 Fighting
 + Level 8.1 Short Blades
 + Level 9.8 Dodging
 + Level 11.9 Stealth
 + Level 9.0 Spellcasting
 + Level 9.3 Hexes
 + Level 9.3 Evocations


You had 13 spell levels left.
You knew the following spells:

 Your Spells              Type           Power      Damage    Failure   Level
a - Ensorcelled Hibernat  Hex/Ice        48%        N/A       1%          2
b - Confusing Touch       Hex            41%        N/A       1%          3
c - Yara's Violent Unrav  Hex/Alch       12%        3d7       34%         5
d - Summon Mana Viper     Hex/Summ       24%        N/A       34%         5

Your spell library contained the following spells:

 Spells                   Type           Power      Damage    Failure   Level
 Tukima's Dance           Hex            41%        N/A       1%          3
 Dazzling Flash           Conj/Hex       48%        N/A       3%          3
 Apportation              Tloc           16%        N/A       9%          1
 Necrotise                Necr           32%        1d5       9%          1
 Sting                    Conj/Alch      32%        1d5       9%          1
 Summon Small Mammal      Summ           32%        N/A       9%          1
 Mephitic Cloud           Conj/Alch/Air  8%         N/A       26%         3
 Summon Ice Beast         Ice/Summ       8%         N/A       26%         3
 Silence                  Hex/Air        12%        N/A       34%         5
 Curse of Agony           Necr           8%         N/A       94%         5
 Irradiate                Conj/Alch      4%         3d13      94%         5
 Monstrous Menagerie      Summ           4%         N/A       100%        7


Dungeon Overview and Level Annotations

Branches:
Dungeon (11/15)            Temple (1/1) D:4            Lair (1/5) D:10
    Orc (0/2) D:10         Bailey (visited)

Altars:
Ashenzari
Cheibriados
Dithmenos
Elyvilon
Fedhas
Gozag
Hepliaklqana
Kikubaaqudgha
Makhleb
Nemelex Xobeh
Okawaru
Qazlal
Ru
Sif Muna
Trog
Uskayaw
Vehumet
Wu Jian
Xom
Yredelemnul
Zin
The Shining One

Shops:
D:3 *   D:5 :   D:9 *

Annotations:
D:10 2 transporters, kftrendy's ghost, journeyman TrFi


Innate Abilities, Weirdness & Mutations

You are very small and have problems with some larger weapons.
You are too small for most types of armour.
You have supernaturally acute eyesight. (SInv)
You cover ground extremely quickly. (Speed+++)
You are somewhat resistant to further mutation.


Message History

The catoblepas breathes a plume of calcifying dust at you.
The blast of calcifying dust hits you.
The fungus is engulfed in calcifying dust.
The fungus turns to stone!
The fungus is engulfed in calcifying dust.
The fungus is engulfed in calcifying dust.
The fungus is engulfed in calcifying dust.
The fungus is engulfed in calcifying dust.
The fungus is engulfed in calcifying dust.
The fungus is engulfed in calcifying dust.
A nearby fungus withers and dies.
You start resting.
A catoblepas is nearby!
You start resting.
A catoblepas is nearby!
You start resting.
A catoblepas is nearby!
A catoblepas is nearby!
Casting: Ensorcelled Hibernation (safe; 1% risk of failure)
Confirm with . or Enter, or press ? or * to list all spells.
Your hands begin to glow red.
You barely miss the catoblepas.
You hit the catoblepas but do no damage.
The catoblepas breathes a plume of calcifying dust at you.
The blast of calcifying dust hits you.
You hit the catoblepas but do no damage.
You are engulfed in calcifying dust.
You are slowing down.
The catoblepas attacks as it pursues you!
The catoblepas gores you!!
The catoblepas breathes a plume of calcifying dust at you.
The blast of calcifying dust hits you.
Your limbs are stiffening.
You have turned to stone.
The catoblepas gores you!!
* * * LOW HITPOINT WARNING * * *
The catoblepas gores you!!
* * * LOW HITPOINT WARNING * * *
The catoblepas gores you!!
You die...
Your body crumbles into a pile of gold.

.#>#........................
.....<.Y....................
.#.#..#########..............
......# ##.............
.#.#..# #..###...##.. ......#
#.#§.......# ##....#
#.#§.......# #P.Y..#
#.Y........# ##....#
#@.......%.#Y #....#
#§#+#+..#P.... #....## ###
#§......§....$
##.....###.#####....###.#..##
#......Y§§..§.......## ## ##
##........§§.§.......#
#.........§.Y......##
#..................#
#..P##..##.##......##


You could see a catoblepas.

Vanquished Creatures
  A two-headed ogre (D:9)
  A death yak (D:10)
  The ghost of Zeo the Skirmisher, a novice BaHu of Hepliaklqana (D:8)
  Pikel (D:7)
  An ugly thing (D:8)
  A cyclops (D:10)
  Joseph (D:9)
  A meliai (D:10)
  A black mamba (Lair:1)
  A cane toad (Lair:1)
  A rime drake (Lair:1)
  A komodo dragon (D:10)
  Psyche (D:10)
  2 trolls
  3 blink frogs (Lair:1)
  A hornet (Lair:1)
  A vampire (D:9)
  2 wraiths
  5 wyverns
  2 steam dragons
  A basilisk (Lair:1)
  6 water moccasins
  A sky beast (D:6)
  7 orc warriors
  An ice beast (D:6)
  5 black bears
  An ogre (D:5)
  4 centaurs
  A wolf (Lair:1)
  8 kobold brigands
  3 lemures (D:7)
  5 bullfrogs
  2 gnoll sergeants
  10 wights
  3 killer bees (D:10)
  The ghost of ScreechingHermit the Ducker, a weakling DjGl (D:3)
  2 electric eels (D:7)
  4 howler monkeys
  3 quasits (D:3)
  4 orc priests
  9 hounds
  Crazy Yiuf (D:7)
  A jelly (D:7)
  3 gnoll boudas
  3 iguanas
  Jessica (D:2)
  7 orc wizards
  A hell rat (D:10)
  Robin (D:3)
  16 gnolls
  6 adders
  3 shadow imps
  A white imp (D:8)
  A dart slug (D:1)
  2 ribbon worms
  35 orcs
  3 ball pythons
  9 endoplasms
  A giant cockroach (D:4)
  8 hobgoblins
  8 jackals
  23 kobolds
  5 quokkas
  8 bats
  15 goblins
  17 rats
  A butterfly (Lair:1)
290 creatures vanquished.

Notes
Turn   | Place    | Note
-------+----------+-------------------------------------------
     0 | D:1      | Gadfly the Spriggan Enchanter began the quest for the Orb.
     0 | D:1      | Reached XP level 1. HP: 9/9 MP: 5/5
    34 | D:1      | You fall into a shaft and drop 1 floor!
   155 | D:1      | Reached XP level 2. HP: 13/13 MP: 6/6
   158 | D:1      | Learned a level 2 spell: Ensorcelled Hibernation
   714 | D:1      | Reached skill level 1 in Evocations
   714 | D:1      | Reached XP level 3. HP: 17/17 MP: 4/8
   727 | D:1      | Learned a level 3 spell: Confusing Touch
   911 | D:1      | Found a faded altar of an unknown god.
  1371 | D:1      | Gained mutation: You are somewhat resistant to further
                  | mutation. [potion of mutation]
  1423 | D:2      | Found a shadowy altar of Dithmenos.
  1427 | D:2      | Noticed Jessica
  1437 | D:2      | Killed Jessica
  1438 | D:2      | Reached skill level 1 in Fighting
  1438 | D:2      | Reached skill level 5 in Stealth
  1438 | D:2      | Reached XP level 4. HP: 17/22 MP: 4/9
  2113 | D:3      | Found an opulent altar of Gozag.
  2117 | D:3      | Found Gozag's Platinum Reserve.
  2121 | D:3      | Became a worshipper of Gozag Ym Sagoz the Greedy
  2171 | D:3      | Found a transporter.
  2184 | D:3      | Found a transporter.
  2188 | D:3      | Noticed ScreechingHermit's ghost (weakling DjGl)
  2373 | D:3      | Reached XP level 5. HP: 25/25 MP: 4/11
  2737 | D:3      | Noticed Robin
  2743 | D:3      | Killed Robin
  3293 | D:3      | Killed ScreechingHermit's ghost
  3294 | D:3      | Reached XP level 6. HP: 18/30 MP: 7/12
  3611 | D:4      | Found a white marble altar of Elyvilon.
  3721 | D:4      | Found a staircase to the Ecumenical Temple.
  3731 | Temple   | Entered the Ecumenical Temple
  3780 | D:4      | Found a broken altar of Ashenzari.
  4135 | D:5      | Entered Level 5 of the Dungeon
  4162 | D:5      | Reached skill level 6 in Stealth
  4458 | D:5      | Reached XP level 7. HP: 35/35 MP: 7/14
  4748 | D:5      | Reached skill level 5 in Hexes
  4798 | D:5      | Reached skill level 5 in Dodging
  5044 | D:5      | Found Usiaff's Book Shoppe.
  5331 | D:5      | Bought the Papyrus of the Secret Emperors for 308 gold
                  | pieces
  5337 | D:5      | Learned a level 5 spell: Yara's Violent Unravelling
  5509 | D:6      | Reached skill level 7 in Stealth
  5509 | D:6      | Reached XP level 8. HP: 39/39 MP: 12/16
  5576 | D:6      | Reached skill level 5 in Spellcasting
  6008 | D:6      | Reached skill level 5 in Evocations
  6311 | D:6      | Reached skill level 8 in Stealth
  6728 | D:6      | Identified a scroll of acquirement
  6731 | D:6      | Acquired 1094 gold pieces
  6836 | D:7      | Noticed Pikel
  6865 | D:7      | Killed Pikel
  6866 | D:7      | Reached skill level 5 in Short Blades
  6866 | D:7      | Reached XP level 9. HP: 45/45 MP: 8/19
  7247 | D:7      | Reached skill level 9 in Stealth
  7814 | D:7      | Found a runed translucent door.
  7815 | D:7      | Noticed Crazy Yiuf
  8232 | D:7      | Killed Crazy Yiuf
  8336 | D:8      | Found a snail-covered altar of Cheibriados.
  8391 | D:8      | Found a stormy altar of Qazlal.
  8511 | D:8      | Found a flagged portal.
  8524 | Bailey   | Entered a bailey
  8625 | Bailey   | Reached XP level 10. HP: 22/51 MP: 1/21
  8938 | Bailey   | Found an iron altar of Okawaru.
  8944 | Bailey   | Identified the +1 falchion "Wustod" {elec, Dex+3}
  8951 | Bailey   | Identified the -1 barding of the Wasteland {rElec rN+
                  | Str+4}
  9511 | D:8      | Reached skill level 10 in Stealth
  9571 | D:8      | Noticed a white ugly thing
  9587 | D:8      | Killed a white ugly thing
  9758 | D:8      | Found a runed translucent gate.
  9760 | D:8      | Reached skill level 5 in Fighting
  9770 | D:8      | Found a runed translucent gate.
  9770 | D:8      | Noticed Zeo's ghost (novice BaHu)
  9771 | D:8      | Found a runed translucent gate.
 10083 | D:8      | Killed Zeo's ghost
 10118 | D:8      | Learned a level 5 spell: Summon Mana Viper
 10189 | D:9      | Found Uruinaucs's General Store.
 10196 | D:9      | Bought a potion of heal wounds for 55 gold pieces
 10425 | D:9      | Found a blossoming altar of Fedhas.
 10446 | D:9      | Noticed a two-headed ogre
 10450 | D:9      | Killed a two-headed ogre
 10467 | D:9      | Noticed Joseph
 10479 | D:9      | Killed Joseph
 10517 | D:9      | Reached XP level 11. HP: 45/56 MP: 9/24
 10666 | D:9      | Identified the +2 quarterstaff "Cointairol" {drain, Str+2}
 10755 | D:9      | Reached skill level 11 in Stealth
 10980 | D:10     | Entered Level 10 of the Dungeon
 11120 | D:10     | Identified the +2 trident "Bim Meh" {heavy, rCorr Stlth+}
 11138 | D:10     | Found a staircase to the Lair.
 11185 | D:10     | Noticed a death yak
 11185 | D:10     | Noticed a death yak
 11198 | D:10     | Noticed a death yak
 11731 | D:10     | Noticed Psyche
 11736 | D:10     | Killed Psyche
 11777 | D:10     | Found a transporter.
 11779 | D:10     | Found a transporter.
 11779 | D:10     | Noticed a two-headed ogre
 11779 | D:10     | Noticed kftrendy's ghost (journeyman TrFi)
 11779 | D:10     | Identified the +7 great mace "Jovec" {protect, rF+}
 11779 | D:10     | Noticed a two-headed ogre
 11780 | D:10     | Noticed a two-headed ogre
 11781 | D:10     | Noticed a two-headed ogre
 12290 | D:10     | Killed a death yak
 12661 | D:10     | HP: 1/56 [death yak (24)]
 12863 | D:10     | Found a staircase to the Orcish Mines.
 13164 | Lair:1   | Entered Level 1 of the Lair of Beasts
 13495 | Lair:1   | Noticed a catoblepas
 13944 | Lair:1   | Mangled by a catoblepas

Illustrated notes

Levels and vault maps discovered:
D:1:      noname_arrival_rooms_in_the_neighbourhood, layout_loops_ring,
          chequers_ecumenical_altar_island, minmay_rat_gold_closets
D:2:      layout_rooms, basic_altar, minmay_tromino_mix6, uniq_jessica
D:3:      layout_loops_ring, nicolae_gozag_zags_fifth_avenue,
          gammafunk_ghost_stat_death, chequers_mini_garden, uniq_robin
D:4:      layout_cave_pools, elyvilon_altar_3, lemuel_doored_altar,
          minmay_temple_entry_statues_fountains, kennysheep_generic_room_9
D:5:      layout_rooms, serial_shops, nicolae_shop_real_fake_doors,
          minmay_misc_feat_doors, minmay_crystal_water, minmay_misc_feat_plants,
          kennysheep_opposing_triangles
D:6:      minmay_evil_eye, layout_gridville, kennysheep_small_circle
D:7:      wad_river_or_something, layout_loops_corners, uniq_pikel,
          uniq_crazy_yiuf_cottage
D:8:      layout_gridville, cheibriados_altar_1, grunt_qazlal_clouds,
          enter_bailey_2, ebering_ghost_rock_garden, hex_medium,
          minmay_chambers_of_fives
D:9:      layout_long_grid, fedhas_altar_1, serial_shops, shop_statue,
          uniq_joseph
D:10:     layout_basic, dpeg_lair_monsters, orc_0_dummy, gammafunk_ghost_smash,
          minivault_20, uniq_psyche
D:11:     layout_roguey, special_room [special_room_bee], lemuel_old_faithful,
          uniq_amaemon
Temple:   nicolae_temple_superstar
Lair:1:   layout_chaotic_city, st_stairs_8, lemuel_fruit_fields,
          grunt_megastairs_4

Skill      XL: |  1  2  3  4  5  6  7  8  9 10 11 |
---------------+----------------------------------+-----
Dodging        | 3 4 5 6 7 8 9 |  9.8
Spellcasting   | 3 4 6 8 9 |  9.0
Evocations     | 1 2 3 4 5 6 8 9 |  9.3
Fighting       | 1 2 3 4 5 6 |  6.1
Stealth        | 5 6 7 8 9 10 11 | 11.9
Hexes          | 4 5 6 7 8 9 |  9.3
Short Blades   | 2 3 5 6 7 8 |  8.1

Action                     |  1- 3 |  4- 6 |  7- 9 | 10-12 || total
---------------------------+-------+-------+-------+-------++-------
  Melee: Dagger            |    60 |   229 |   272 |   279 ||   840
         Punch             |     2 |     1 |     2 |     2 ||     7
   Cast: Ensorcelled Hiber |    20 |    42 |    80 |   102 ||   244
         Confusing Touch   |       |     3 |     6 |    16 ||    25
  Evoke: Wand              |       |       |     4 |       ||     4
    Use: Scroll            |     2 |     9 |     9 |     3 ||    23
         Potion            |     1 |     1 |     2 |       ||     4
   Stab: Sleeping          |    25 |    34 |    61 |    64 ||   184
         Confused          |       |     5 |     5 |    16 ||    26
         Distracted        |       |     1 |     3 |     4 ||     8
 Armour: Robe              |    13 |    36 |    28 |    75 ||   152
         Animal skin       |       |    57 |    37 |       ||    94
         Skin              |       |       |    62 |     2 ||    64
  Dodge: Dodged            |    33 |   266 |   260 |   253 ||   812
